 Dungeon Crawl Stone Soup version 0.30-a0-122-g2a1322497e (webtiles) character file.

Game seed: 4568968533465665348

22824 mrzisme the Geomancer (level 13, -2/82 HPs)
             Began as a Gargoyle Earth Elementalist on Sept 16, 2022.
             Was a Priest of Vehumet.
             Slain by a seven-headed hydra (5 damage)
             ... on level 4 of the Lair of Beasts.
             The game lasted 01:15:38 (16843 turns).

mrzisme the Geomancer (GrEE)                       Turns: 16843, Time: 01:15:38

Health: -2/82      AC: 14    Str: 14    XL:     13   Next: 2%
Magic:  21/23      EV: 11    Int: 19    God:    Vehumet [***...]
Gold:   690        SH:  0    Dex: 10    Spells: 3/25 levels left

rFire   x . .      SeeInvis .    s - staff of earth
rCold   + . .      Faith    .    (no shield)
rNeg    + . .      Spirit   .    a - +0 robe
rPois   ∞          Reflect  .    (no helmet)
rElec   +          Harm     .    (no cloak)
rCorr   .          Rampage  .    j - +2 pair of gloves
Will    .....                    (no boots)
Stlth   ++........               L - amulet of regeneration
HPRegen 1.03/turn                A - ring of wizardry
MPRegen 0.18/turn                h - ring of ice

@: about to teleport, on blink cooldown
A: sickness immunity, AC +9, negative energy resistance 1, electricity
resistance, torment resistance 1, petrification resistance
a: Renounce Religion


You were on level 4 of the Lair of Beasts.
You worshipped Vehumet.
Vehumet was most pleased with you.
You visited 3 branches of the dungeon, and saw 15 of its levels.
You also visited: Ossuary.

You collected 690 gold pieces.

Inventory:

Hand Weapons
 c - a +0 short sword of venom
 I - a +3 scimitar of flaming
Missiles
 d - 28 poisoned darts (quivered)
Armour
 a - a +0 robe (worn)
 j - a +2 pair of gloves (worn)
 J - an orb of mayhem
Magical Staves
 s - a staff of earth (weapon)
Jewellery
 h - a ring of ice (right hand)
 i - a +6 ring of dexterity
 A - a ring of wizardry (left hand)
 E - a ring of see invisible
 L - an amulet of regeneration (around neck)
 M - a ring of magical power
 N - a +4 ring of slaying
Wands
 m - a wand of iceblast (14)
 y - a wand of mindburst (11)
 z - a wand of paralysis (7)
 C - a wand of flame (39)
 P - a wand of quicksilver (7)
Scrolls
 e - 3 scrolls of enchant weapon
 f - a scroll of silence
 k - 11 scrolls of teleportation
 r - 5 scrolls of fear
 x - 3 scrolls of enchant armour
 D - 7 scrolls of identify
 F - a scroll of immolation {unknown}
 H - a scroll of poison
 K - a scroll of summoning {unknown}
 O - a scroll of fog
Potions
 b - a potion of magic
 g - 4 potions of cancellation
 l - 5 potions of brilliance
 n - 2 potions of ambrosia
 o - 3 potions of mutation
 p - 2 potions of haste
 q - 4 potions of flight
 t - 2 potions of attraction
 u - 6 potions of curing
 v - 4 potions of invisibility
 w - a potion of berserk rage {unknown}
 B - 2 potions of heal wounds
 G - a potion of might {unknown}


   Skills:
 - Level 10.1 Fighting
 + Level 10.2 Staves
 - Level 1.5 Dodging
 - Level 2.1 Stealth
 + Level 6.7 Spellcasting
 + Level 7.0 Conjurations
 - Level 0.7 Transmutations
 + Level 11.4 Earth Magic
 + Level 9.4 Evocations


You had 3 spell levels left.
You knew the following spells:

 Your Spells              Type           Power      Damage    Failure   Level
a - Sandblast             Erth           100%       2d20      1%          1
b - Passwall              Tmut/Erth      36%        N/A       1%          2
c - Stone Arrow           Conj/Erth      100%       3d13      1%          3
d - Blink                 Tloc           12%        N/A       6%          2
e - Petrify               Tmut/Erth      44%        N/A       3%          4
f - Airstrike             Air            3%         2d(1-17)  12%         4
g - Iron Shot             Conj/Erth      29%        9d6       4%          6

Your spell library contained the following spells:

 Spells                   Type           Power      Damage    Failure   Level
 Sticky Flame             Conj/Fire      19%        2d4       3%          4
 Foxfire                  Conj/Fire      76%        2x1d7     1%          1
 Magic Dart               Conj           100%       1d8       1%          1
 Shock                    Conj/Air       76%        1d7       1%          1
 Mephitic Cloud           Conj/Pois/Air  15%        N/A       1%          3
 Inner Flame              Hex/Fire       6%         N/A       3%          3
 Kindle Blastsparks       Fire/Tloc/Air  12%        2d11      3%          3
 Summon Small Mammal      Summ           24%        N/A       4%          1
 Call Imp                 Summ           6%         N/A       6%          2
 Call Canine Familiar     Summ           6%         N/A       12%         3
 Summon Guardian Golem    Hex/Summ       6%         N/A       12%         3
 Swiftness                Air            6%         N/A       12%         3
 Flame Wave               Conj/Fire      19%        2d7       3%          4
 Animate Armour           Summ/Erth      84%        N/A       4%          4
 Manifold Assault         Tloc           6%         N/A       38%         4
 Blade Hands              Tmut           4%         N/A       61%         5
 Storm Form               Tmut/Air       3%         N/A       100%        7


Dungeon Overview and Level Annotations

Branches:
Dungeon (9/15)             Temple (1/1) D:7            Lair (5/5) D:9
 Shoals (0/4) Lair:2       Spider (0/4) Lair:2        Slime (0/5) Lair:4
    Orc (0/2) D:9         Ossuary (visited)

Altars:
Ashenzari
Cheibriados
Dithmenos
Elyvilon
Fedhas
Gozag
Hepliaklqana
Kikubaaqudgha
Makhleb
Nemelex Xobeh
Okawaru
Qazlal
Ru
Sif Muna
Trog
Uskayaw
Vehumet
Wu Jian
Xom
Yredelemnul
Zin
The Shining One
Jiyva

Shops:
D:4 (   D:5 =


Innate Abilities, Weirdness & Mutations

You are immune to sickness and miasma.
Your stone body is resilient. (AC +9)
You are immune to poison.
You resist negative energy. (rN+)
You are resistant to electric shocks. (rElec)
You are resistant to unholy torment.
You are immune to petrification.


Message History

The seven-headed hydra bites you!
The seven-headed hydra bites you but does no damage.
The seven-headed hydra barely misses you.
The seven-headed hydra bites you! The seven-headed hydra bites you.
There is a stone staircase leading up here.
The yak gores you but does no damage.
The seven-headed hydra bites you but does no damage. x3
The seven-headed hydra bites you.
The seven-headed hydra bites you but does no damage.
The seven-headed hydra bites you.
The seven-headed hydra completely misses you.
You climb upwards.
There is a stone staircase leading down here.
Casting: Iron Shot (dangerous; 4% risk of failure)
Confirm with . or Enter, or press ? or * to list all spells.
You blink.
The seven-headed hydra bites you but does no damage.
The seven-headed hydra bites you!
The seven-headed hydra barely misses you.
The seven-headed hydra bites you.
The seven-headed hydra barely misses you.
The seven-headed hydra bites you but does no damage.
The seven-headed hydra barely misses you.
As you read the scroll of teleportation, it crumbles to dust.
You feel strangely unstable. The seven-headed hydra bites you! x2
The seven-headed hydra misses you. The seven-headed hydra bites you.
The seven-headed hydra misses you. The seven-headed hydra bites you!
* * * LOW HITPOINT WARNING * * *
The seven-headed hydra completely misses you.
The yak gores you but does no damage.
The seven-headed hydra attacks as you move away!
The seven-headed hydra bites you.
* * * LOW HITPOINT WARNING * * *
The seven-headed hydra bites you.
* * * LOW HITPOINT WARNING * * *
The seven-headed hydra barely misses you. x2
The seven-headed hydra bites you.
* * * LOW HITPOINT WARNING * * *
The seven-headed hydra bites you.
You die...

.#...###...8.#.##
......##........#
.....##..#.....##
.......##.#...##
......#.##.'###
..#.##.##.....#######
.#..8.##.#.###.#).8.##
.#.............#.Y...#
.#8.>..+...8...'@D§.8#
.#.....#.......#.....#
##..8.##^..###....8.##
#.#..####.....#######
......#.###+#####
........#.....#.#
.....###.#.Y...##
......#..#.Y.#.#
#........#.8.#.#


You could see a seven-headed hydra and a yak.

Vanquished Creatures
  A hydra (Lair:4)
  A catoblepas (Lair:3)
  Erica (D:8)
  A two-headed ogre (D:9)
  8 elephants (Lair:3)
  A black mamba (Lair:4)
  A merfolk siren (Lair:2)
  5 cane toads
  A kobold demonologist (D:9)
  3 rime drakes
  7 komodo dragons
  A polar bear (Lair:4)
  A hornet (Lair:3)
  A tarantella (Lair:2)
  A dream sheep (Lair:4)
  10 blink frogs
  2 wyverns
  25 yaks
  A wraith (D:9)
  5 basilisks
  Eustachio (D:6)
  An acid dragon (D:9)
  11 water moccasins
  An ice beast (D:5)
  An orc warrior (D:9)
  2 ogres
  8 black bears
  7 centaurs
  2 kobold brigands (D:8)
  10 bullfrogs
  A necrophage (D:4)
  3 scorpions
  8 wights (D:8)
  8 killer bees
  2 howler monkeys
  2 electric eels (Lair:2)
  4 hounds
  A jelly (D:5)
  2 gnoll boudas
  5 iguanas
  An orc wizard (D:7)
  13 mummies (Ossuary)
  8 gnolls
  6 adders
  A shadow imp (D:6)
  A white imp (D:7)
  An ufetubus (D:6)
  A worm (D:4)
  2 dart slugs
  14 orcs
  9 ball pythons
  6 bats
  3 endoplasms
  4 giant cockroaches
  4 goblins
  4 hobgoblins
  6 jackals (D:4)
  4 quokkas
  5 frilled lizards
  2 gnoll skeletons (Ossuary)
  A goblin skeleton (Ossuary)
  11 kobolds
  2 kobold skeletons (Ossuary)
  3 orc skeletons (Ossuary)
  3 rats
  11 rat skeletons (Ossuary)
  A fire vortex (Lair:2)
284 creatures vanquished.

Vanquished Creatures (others)
  13 fungi
  16 plants
29 creatures vanquished.

Grand Total: 313 creatures vanquished

Notes
Turn   | Place    | Note
-------+----------+-------------------------------------------
     0 | D:1      | mrzisme the Gargoyle Earth Elementalist began the quest for
                  | the Orb.
     0 | D:1      | Reached XP level 1. HP: 10/10 MP: 3/3
    57 | D:1      | Reached skill level 4 in Earth Magic
   106 | D:1      | Reached XP level 2. HP: 15/15 MP: 3/5
   645 | D:1      | Reached XP level 3. HP: 19/19 MP: 4/6
   833 | D:1      | Found a faded altar of an unknown god.
  1146 | D:1      | Learned a level 2 spell: Passwall
  1150 | D:1      | Learned a level 3 spell: Stone Arrow
  1888 | D:2      | Reached skill level 5 in Earth Magic
  2080 | D:3      | Reached XP level 4. HP: 24/24 MP: 5/8
  2231 | D:3      | Found a hide-covered altar of Uskayaw.
  2427 | D:3      | Found a snail-covered altar of Cheibriados.
  2442 | D:3      | Found a shadowy altar of Dithmenos.
  2451 | D:3      | Found an opulent altar of Gozag.
  2451 | D:3      | Found a hazy altar of Hepliaklqana.
  2451 | D:3      | Found a sparkling altar of Nemelex Xobeh.
  2451 | D:3      | Found a broken altar of Ashenzari.
  2452 | D:3      | Found an iron altar of Okawaru.
  2453 | D:3      | Found a burning altar of Makhleb.
  2834 | D:4      | Reached XP level 5. HP: 9/28 MP: 3/9
  2838 | D:4      | Reached skill level 6 in Earth Magic
  2853 | D:4      | Found Famaeja's Weapon Boutique.
  2937 | D:4      | Reached XP level 6. HP: 29/32 MP: 8/11
  2955 | D:4      | Found a sand-covered staircase.
  2964 | Ossuary  | Entered an ossuary
  3128 | Ossuary  | Reached skill level 7 in Earth Magic
  3877 | D:4      | Noticed a black bear
  3880 | D:4      | Killed a black bear
  3881 | D:4      | Reached skill level 8 in Earth Magic
  3881 | D:4      | Reached XP level 7. HP: 36/36 MP: 3/13
  4560 | D:5      | Entered Level 5 of the Dungeon
  4560 | D:5      | Found Effess's Jewellery Shop.
  4568 | D:5      | Learned a level 2 spell: Blink
  4627 | D:5      | Reached skill level 1 in Conjurations
  5097 | D:5      | Reached skill level 9 in Earth Magic
  5097 | D:5      | Reached XP level 8. HP: 41/41 MP: 1/15
  5777 | D:6      | Found a sacrificial altar of Ru.
  5798 | D:6      | Noticed Eustachio
  5806 | D:6      | Killed Eustachio
  5807 | D:6      | Reached skill level 5 in Spellcasting
  6125 | D:6      | Found a glowing silver altar of Zin.
  6525 | D:6      | Reached skill level 10 in Earth Magic
  6849 | D:6      | Identified a scroll of acquirement
  6849 | D:6      | Acquired a staff of earth
  6966 | D:7      | Found a staircase to the Ecumenical Temple.
  6972 | D:7      | Noticed a wyvern
  6983 | D:7      | Killed a wyvern
  6984 | D:7      | Reached skill level 1 in Fighting
  6984 | D:7      | Reached skill level 1 in Staves
  6984 | D:7      | Reached skill level 1 in Evocations
  6984 | D:7      | Reached XP level 9. HP: 20/48 MP: 5/17
  7180 | Temple   | Entered the Ecumenical Temple
  7185 | Temple   | Became a worshipper of Vehumet
  7783 | D:7      | Learned a level 4 spell: Petrify
  8168 | D:8      | Reached * piety under Vehumet
  8168 | D:8      | Offered knowledge of Freeze by Vehumet.
  8534 | D:8      | Reached skill level 5 in Fighting
  8640 | D:8      | Noticed Erica
  8646 | D:8      | Killed Erica
  8647 | D:8      | Reached skill level 5 in Staves
  8647 | D:8      | Reached XP level 10. HP: 54/60 MP: 5/18
  8961 | D:8      | Found a basalt altar of Yredelemnul.
  8964 | D:8      | Found an ancient bone altar of Kikubaaqudgha.
  8968 | D:8      | Found a shimmering altar of Xom.
  9031 | D:8      | Reached skill level 5 in Evocations
  9564 | D:9      | Noticed a kobold demonologist
  9570 | D:9      | Killed a kobold demonologist
  9867 | D:9      | Noticed a two-headed ogre
  9874 | D:9      | Killed a two-headed ogre
  9984 | D:9      | Found a staircase to the Orcish Mines.
 10137 | D:9      | Found a staircase to the Lair.
 10157 | Lair:1   | Entered Level 1 of the Lair of Beasts
 10183 | Lair:1   | Reached ** piety under Vehumet
 10183 | Lair:1   | Offered knowledge of Scorch by Vehumet.
 10202 | Lair:1   | Reached XP level 11. HP: 60/68 MP: 15/19
 11706 | Lair:2   | Offered knowledge of Frozen Ramparts by Vehumet.
 11968 | Lair:2   | Found a hole to the Spider Nest.
 12504 | Lair:2   | Found a staircase to the Shoals.
 13825 | Lair:3   | Noticed a catoblepas
 13830 | Lair:3   | Reached *** piety under Vehumet
 13831 | Lair:3   | Reached XP level 12. HP: 69/77 MP: 12/20
 13850 | Lair:3   | HP: 2/77 [catoblepas (28)]
 14000 | Lair:3   | Killed a catoblepas
 14001 | Lair:3   | Reached skill level 10 in Fighting
 14015 | Lair:3   | Reached skill level 5 in Conjurations
 14300 | Lair:3   | Learned a level 4 spell: Airstrike
 14313 | Lair:3   | Found a hide-covered altar of Uskayaw.
 15495 | Lair:4   | Reached skill level 11 in Earth Magic
 15763 | Lair:4   | Noticed a seven-headed hydra
 15775 | Lair:4   | Killed a one-headed hydra
 15776 | Lair:4   | Reached skill level 10 in Staves
 15804 | Lair:4   | Offered knowledge of Sticky Flame by Vehumet.
 15854 | Lair:4   | Found a staircase to the Slime Pits.
 15855 | Lair:4   | Found a viscous altar of Jiyva.
 15865 | Lair:4   | Learned a level 6 spell: Iron Shot
 16466 | Lair:5   | Entered Level 5 of the Lair of Beasts
 16467 | Lair:5   | Noticed a seven-headed hydra
 16686 | Lair:4   | Reached XP level 13. HP: 64/82 MP: 11/23
 16843 | Lair:4   | HP: 3/82 [seven-headed hydra (6)]
 16843 | Lair:4   | Slain by a seven-headed hydra

Illustrated notes

Levels and vault maps discovered:
D:1:      scummos_arrival_forest, layout_loops_corners,
          chequers_ecumenical_altar_grove
D:2:      layout_basic, kennysheep_pointless_box, minmay_misc_feat_pillars,
          minmay_stone_trees_small, st_stairs_7, minmay_liquid_box,
          kennysheep_generic_room_10
D:3:      layout_rooms, mainiacjoe_overflow_surrounded_room, minitemple
D:4:      layout_loops_cross, enter_ossuary_1, serial_shops,
          nicolae_shop_advertising_works [nicolae_subvault_shop_adworks],
          serial_rivers, chequers_serial_rivers_small_3,
          chequers_serial_rivers_large_b, chequers_serial_rivers_small_3,
          chequers_serial_rivers_marsh, chequers_serial_rivers_micro_e,
          chequers_serial_rivers_room_b, kennysheep_generic_room_11
D:5:      layout_basic, serial_shops, nicolae_stop_n_shop_1,
          corexii_item_surrounded_by_moat
D:6:      layout_basic, kennysheep_mini, zin_scriptorium,
          minmay_misc_feat_secret_circle, uniq_eustachio
D:7:      layout_loops_ring, minmay_temple_entry_mini_moons,
          kennysheep_generic_room_3
D:8:      layout_rooms, grunt_temple_overflow_diamond, uniq_erica
D:9:      layout_rooms, lair_entry_dummy, david_orc_2
Temple:   hellmonk_temple_micro_hex
Lair:1:   layout_chaotic_city, serial_rivers, chequers_serial_rivers_micro_d,
          chequers_serial_rivers_room_b, chequers_serial_rivers_room_a,
          chequers_serial_rivers_marsh, grunt_megastairs_2
Lair:2:   layout_gridlike, minmay_shoals_entry_lonely_mermaid,
          spider_nest_entry_rubble, serial_bayou_shore_a
Lair:3:   layout_cave_pods, basic_altar
Lair:4:   layout_cave_shapes, slime_entry_1, minivault_23, minivault_11,
          dreamdust_gnoll_shepherd, grunt_megastairs_1
Lair:5:   gammafunk_lair_ancient_temple, layout_cave_pods

Skill      XL: |  1  2  3  4  5  6  7  8  9 10 11 12 13 |
---------------+----------------------------------------+-----
Earth Magic    | 4 5 6 8 9 10 11 | 11.4
Spellcasting   | 3 4 5 6 |  6.7
Conjurations   | 2 4 6 7 |  7.0
Fighting       | 1 5 7 9 10 | 10.1
Staves         | 1 5 7 9 10 | 10.2
Evocations     | 1 4 6 8 9 |  9.4
Dodging        | |  1.5
Stealth        | |  2.1
Transmutations | |  0.7

Action                   |  1- 3 |  4- 6 |  7- 9 | 10-12 | 13-15 || total
-------------------------+-------+-------+-------+-------+-------++-------
Melee: Short sword       |       |       |     3 |       |       ||     3
       Staff             |       |       |    21 |    67 |       ||    88
       Punch             |       |       |     2 |     1 |       ||     3
       Scimitar          |       |       |       |     7 |       ||     7
Throw: Dart              |       |     3 |    25 |    15 |       ||    43
 Cast: Sandblast         |    46 |   118 |    42 |   101 |       ||   307
       Stone Arrow       |       |     3 |    64 |   220 |       ||   287
       Blink             |       |       |     2 |     6 |     1 ||     9
       Passwall          |       |       |       |     4 |       ||     4
       Iron Shot         |       |       |       |     2 |     1 ||     3
       Petrify           |       |       |       |     1 |       ||     1
  Use: Scroll            |     4 |    13 |     4 |     2 |     1 ||    24
       Potion            |       |     2 |       |     1 |       ||     3
 Stab: Petrified         |       |       |       |     3 |       ||     3
       Petrifying        |       |       |       |     1 |       ||     1
Armor: Robe              |     2 |    10 |    38 |   116 |    11 ||   177
Dodge: Dodged            |     5 |    25 |    51 |   137 |    11 ||   229

Table legend: (Time is in decaauts)
 A = Elapsed time spent in this place.
 B = Non-inter-level travel time spent in this place.
 C = Inter-level travel time spent in this place.
 D = Time resting spent in this place.
 E = Time spent auto-exploring this place.
 F = Levels seen in this place.
 G = Mean time per level.
                   A        B        C        D        E       F      G
               +--------+--------+--------+--------+--------+-----+--------+
         Total |  17064 |  16618 |    446 |   5647 |   8090 |  16 | 1066.5 |
       Dungeon |   9437 |   9192 |    245 |   2120 |   5537 |   9 | 1048.6 |
        Temple |     10 |      6 |      4 |      0 |      0 |   1 |   10.0 |
          Lair |   6740 |   6544 |    196 |   2988 |   2537 |   5 | 1348.0 |
       Ossuary |    875 |    875 |      0 |    539 |     15 |   1 |  875.0 |
               +--------+--------+--------+--------+--------+-----+--------+

Top non-repeatable levels by time:
  Lair:3: 2356 daAuts
  Lair:2: 1576 daAuts
  Lair:4: 1519 daAuts
     D:7: 1317 daAuts
  Lair:1: 1258 daAuts
     D:6: 1182 daAuts
     D:5: 1172 daAuts
     D:1: 1166 daAuts
     D:8: 1143 daAuts
     D:4: 1109 daAuts
     D:2: 886 daAuts
 Ossuary: 875 daAuts
     D:9: 811 daAuts
     D:3: 648 daAuts
  Lair:5: 29 daAuts
